 Dungeon Crawl Stone Soup version 0.20-a0-876-g2c7b0bf (webtiles) character file.

112 Dfrag the Grave Robber (level 4, -2/36 HPs)
             Began as a Deep Dwarf Necromancer on Mar 15, 2017.
             Succumbed to MisterAzrael's ghost's poison
             ... on level 3 of the Dungeon.
             The game lasted 00:03:47 (1867 turns).

Dfrag the Grave Robber (Deep Dwarf Necromancer)     Turns: 1867, Time: 00:03:47

Health: -2/36      AC:  2    Str: 16    XL:     4   Next: 63%
Magic:  9/9        EV: 12    Int: 17    God:
Gold:   67         SH:  0    Dex: 13    Spells: 5/9 levels left

rFire    . . .     SeeInvis .   (no weapon)
rCold    . . .     Gourm    .   a - +0 robe
rNeg     . . .     Faith    .   (no shield)
rPois    .         Spirit   .   (no helmet)
rElec    .         Reflect  .   (no cloak)
rCorr    .         Harm     .   (no gloves)
MR       .....                  (no boots)
Stlth    ++........             (no amulet)
Regen    0.0/turn               (no ring)
MPRegen  0.2/turn               (no ring)

@: mighty, lethally poisoned (-2 -> -31), non-regenerating
A: damage resistance, heal wounds, sense surroundings 1, no regeneration
a: Heal Wounds


You were on level 3 of the Dungeon.
You were not hungry.

You visited 1 branch of the dungeon, and saw 3 of its levels.

You collected 67 gold pieces.

Inventory:

Missiles
 f - 69 stones (quivered)
Armour
 a - a +0 robe (worn)
Scrolls
 d - a scroll of teleportation {unknown}
 e - a scroll of amnesia {unknown}
 g - a scroll of immolation {unknown}
 j - 3 scrolls of remove curse {unknown}
 l - a scroll of identify {unknown}
 n - a scroll of magic mapping {unknown}
Potions
 h - a potion of cancellation
 i - a potion of might
 m - a potion of lignification {unknown}
 o - 3 potions of heal wounds {unknown}
 p - a potion of flight {unknown}
Books
 b - a book of Necromancy

   Spells                             Type                      Level
   a - Pain                           Necromancy                   1
   b - Animate Skeleton               Necromancy                   1
   c - Vampiric Draining              Necromancy                   3
   d - Regeneration                   Charms/Necromancy            3
   e - Animate Dead                   Necromancy                   4
   f - Control Undead                 Necromancy                   4
Comestibles
 c - 4 bread rations
 k - 2 royal jellies


   Skills:
 - Level 2.1 Dodging
 - Level 2.4 Stealth
 * Level 3.3 Spellcasting
 + Level 5.4 Necromancy


You had 5 spell levels left.
You knew the following spells:

 Your Spells              Type           Power        Failure   Level  Hunger
a - Pain                  Necr           ###.         1%          1    None
b - Vampiric Draining     Necr           ###.......   8%          3    ###....


Dungeon Overview and Level Annotations

Branches:
Dungeon (3/15)

Altars:
Vehumet

Annotations:
D:3 MisterAzrael's ghost, amateur SpEn


Innate Abilities, Weirdness & Mutations

You are resistant to damage.
You can heal yourself by infusing magical energy.
You passively map a small area around you.
You do not regenerate.


Message History

You are confused.
You feel sick.
MisterAzrael's ghost casts a spell at you.
You fall asleep.
You feel sick. MisterAzrael's ghost hits you!
You wake up.
* * * LOW HITPOINT WARNING * * *
You are more poisoned.
Unknown command.
Unknown command.
It was a potion of cancellation.
Your magical effects are unravelling.
You feel magically purged.
You feel less confused.
* * * LOW HITPOINT WARNING * * *
You feel very sick. MisterAzrael's ghost hits you.
You are more poisoned.
It was a potion of might.
You feel very mighty all of a sudden.
You die...

* #####.... , .<#
#.....### * #.#
#.####### * * #.# #.#
... #.# #.# ### #.# #.#
* * ,
##########.######.#
#...>....W...#.##.# *
#* ,
.#####.@.......#.##...#
#......)........# , *
*#.....#.#.##.##...#
,.........#.#.##.#
*.### ####...(.#.#.##.#
,... #.....#....#.# ###
#.....#....... ... *
###..##....#.. ###
#..##.####.. #


You could see MisterAzrael's ghost.

Vanquished Creatures
  3 gnolls (D:2)
  2 adders (D:2)
  An ooze (D:2)
  A worm (D:2)
  2 dart slugs (D:2)
  A leopard gecko (D:1)
  5 giant cockroaches
  6 goblins
  7 hobgoblins
  5 kobolds (D:1)
  A quokka (D:2)
  2 ball pythons
  9 bats
  2 frilled lizards (D:1)
  2 rats
49 creatures vanquished.

Notes
Turn   | Place    | Note
-------+----------+-------------------------------------------
     0 | D:1      | Dfrag the Deep Dwarf Necromancer began the quest for the Orb.
     0 | D:1      | Reached XP level 1. HP: 15/15 MP: 3/3
   330 | D:1      | Reached XP level 2. HP: 20/22 MP: 0/5
  1054 | D:2      | Reached XP level 3. HP: 18/28 MP: 4/6
  1059 | D:2      | Learned a level 3 spell: Vampiric Draining
  1114 | D:2      | Reached skill level 5 in Necromancy
  1203 | D:2      | Found a radiant altar of Vehumet.
  1285 | D:2      | Reached XP level 4. HP: 9/36 MP: 0/8
  1848 | D:3      | Noticed MisterAzrael's ghost (amateur SpEn)
  1866 | D:3      | HP: 1/36 [poisoned by MisterAzrael's ghost]
  1867 | D:3      | Succumbed to MisterAzrael's ghost's poison

Vault maps used:
D:1:      roderic_chinese_lattice_arrival, minmay_tripent
D:2:      lemuel_coloured_pillars_altar
D:3:      cheibrodos_greedy_goblins, nicolae_overflow_hidden_temple

Skill      XL: |  1  2  3 |
---------------+----------+-----
Spellcasting   | 2 3 |  3.3
Necromancy     | 5 |  5.4
Dodging        | |  2.1
Stealth        | |  2.4

Action                   |  1- 3 |  4- 6 || total
-------------------------+-------+-------++-------
Melee: Unarmed           |    27 |       ||    27
 Cast: Pain              |    56 |    34 ||    90
       Vampiric Draining |     1 |     1 ||     2
 Abil: Heal Wounds       |       |     2 ||     2
  Use: Potion            |       |     2 ||     2
  Eat: Chunk             |     2 |     2 ||     4
Armor: Robe              |    29 |     3 ||    32
Dodge: Dodged            |    47 |     6 ||    53
